[Event "Elitserien 2022/2023"]
[Site "Limhamn SWE"]
[Date "2023.01.20"]
[Round "6.1"]
[White "Sylvan, Jacob"]
[Black "Heberla, Bartlomiej"]
[Result "0-1"]
[WhiteElo "2314"]
[BlackElo "2567"]
[ECO "D02"]
[TimeControl "90 minutes for 40 moves + 30 minutes for the rest of the game + 30 seconds per move from move one."]
[WhiteTitle "IM"]
[BlackTitle "GM"]
[WhiteFideId "1402137"]
[BlackFideId "1115120"]
[WhiteTeam "Helsingborgs ASK"]
[BlackTeam "Eksjo SK"]

1. d4 d5 2. Nf3 e6 3. g3 Nf6 4. Bg2 h6 5. O-O Bd6 6. c4 O-O 7. Qc2 b6 8. 
Nbd2 Bb7 9. c5 Be7 10. b4 a5 11. b5 c6 12. a4 Nbd7 13. Ba3 Rc8 14. bxc6 
Rxc6 15. Nb3 Ba6 16. Rfc1 Rc8 17. Qd1 bxc5 18. dxc5 Ne4 19. c6 Bxa3 20. 
Rxa3 Nb8 21. Nbd4 Qd6 22. Rb3 Nxc6 23. Nxc6 Rxc6 24. Nd4 Rxc1 25. Qxc1 Bc4
26. Rb1 Nc5 27. Qa3 Rc8 28. e3 Qd7 29. Nb5 Bd3 30. Rc1 Nb3 31. Rc3 Rxc3 
32. Nxc3 Bc4 33. Bf3 d4 34. exd4 Qxd4 35. Qb2 Qe5 36. h4 Qe1+ 37. Kg2 Nd2 
38. Qb8+ Kh7 39. Qf4 Bf1+ 0-1

[Event "Elitserien 2022/2023"]
[Site "Limhamn SWE"]
[Date "2023.01.20"]
[Round "6.2"]
[White "Gdanski, Jacek"]
[Black "Semcesen, Daniel"]
[Result "1/2-1/2"]
[WhiteElo "2490"]
[BlackElo "2462"]
[ECO "A25"]
[TimeControl "90 minutes for 40 moves + 30 minutes for the rest of the game + 30 seconds per move from move one."]
[WhiteTitle "GM"]
[BlackTitle "GM"]
[WhiteFideId "1100106"]
[BlackFideId "1706993"]
[WhiteTeam "Eksjo SK"]
[BlackTeam "Helsingborgs ASK"]

1. c4 e5 2. Nc3 Nc6 3. g3 f5 4. Bg2 Nf6 5. Nf3 Be7 6. O-O O-O 7. d4 d6 8. 
Nd5 h6 9. b3 e4 10. Nxe7+ Qxe7 11. Ne1 d5 12. Nc2 Rd8 13. f3 Be6 14. Ba3 
Qd7 15. fxe4 fxe4 16. cxd5 Qxd5 17. e3 Qg5 18. Qe2 Rd7 19. Rf2 Ne7 20. 
Bxe7 1/2-1/2

[Event "Elitserien 2022/2023"]
[Site "Limhamn SWE"]
[Date "2023.01.20"]
[Round "6.3"]
[White "Nilsson, Anders"]
[Black "Krantz, Christopher"]
[Result "0-1"]
[WhiteElo "2224"]
[BlackElo "2241"]
[ECO "D00"]
[TimeControl "90 minutes for 40 moves + 30 minutes for the rest of the game + 30 seconds per move from move one."]
[WhiteTitle "CM"]
[WhiteFideId "1705423"]
[BlackFideId "1707876"]
[WhiteTeam "Helsingborgs ASK"]
[BlackTeam "Eksjo SK"]

1. d4 d5 2. Bf4 c5 3. e3 Nc6 4. Nf3 cxd4 5. exd4 Bf5 6. c3 e6 7. Bd3 Bxd3 
8. Qxd3 Bd6 9. Bg3 Nge7 10. Nbd2 h6 11. O-O Bxg3 12. hxg3 O-O 13. Rfe1 Qc7
14. Nf1 Ng6 15. Ne3 Rad8 16. Ng4 Rfe8 17. Re2 a6 18. Rae1 b5 19. Qd2 Qd6 
20. a3 Na5 21. Nfe5 Nxe5 22. Nxe5 Nc4 23. Qd3 a5 24. Kh2 Nxe5 25. Rxe5 b4 
26. axb4 axb4 27. f4 bxc3 28. bxc3 Qc6 29. f5 exf5 30. Rxe8+ Rxe8 31. 
Rxe8+ Qxe8 32. Qxf5 Qe6 33. Qf4 Kh7 34. g4 g5 35. Qf3 Kg6 36. Qd3+ f5 37. 
c4 dxc4 38. gxf5+ Kf6 39. Qc3 Qd5 40. Qh3 Qd6+ 41. Kh1 Qxd4 42. Qxh6+ Kxf5
43. Qh7+ Kf4 44. Qf7+ Ke3 45. Qe7+ Kf2 46. Qf8+ Qf4 47. Qc5+ Kf1 48. Qg1+ 
Ke2 49. Qc5 g4 50. Qe7+ Kf2 51. Qc5+ Kf1 52. Qb6 Qe4 53. Qf6+ Ke1 54. Qa1+
Kd2 55. Qb2+ Ke3 56. Qc3+ Qd3 57. Qe5+ Kd2 58. Qb2+ Ke1 59. Qc1+ Ke2 60. 
Qb2+ Kd1 61. Qa1+ Kc2 62. Qa2+ Kc3 63. Qa3+ Kd4 64. Qd6+ Ke3 65. Qe5+ Qe4 
66. Qc3+ Ke2 67. Qb2+ Ke3 68. Qc3+ Kf4 69. Qf6+ Kg3 70. Qc3+ Kf2 71. Qd2+ 
Kf1 72. Qc1+ Qe1 73. Qf4+ Ke2+ 74. Kh2 Qh4+ 75. Kg1 Qe1+ 76. Kh2 g3+ 77. 
Kh3 Qc3 78. Qe4+ Kd2 79. Qf4+ Kc2 80. Qf5+ Qd3 81. Qb5 c3 82. Qa4+ Kc1 83.
 Qa1+ Kd2 84. Qa5 Kd1 85. Qh5+ Ke1 86. Qe5+ Kd2 87. Qa5 Qe3 88. Qb4 Ke2 
89. Qb5+ Ke1 90. Qb1+ Kf2 91. Qf5+ Ke1 92. Qb1+ Kd2 93. Qb4 Qe5 94. Kg4 
Kd3 95. Qb3 Ke3 96. Kh3 Qf5+ 97. Kxg3 Qg5+ 98. Kh3 Qh5+ 99. Kg3 Qg6+ 100. 
Kh3 Kf2 101. g4 Qh6# 0-1

[Event "Elitserien 2022/2023"]
[Site "Limhamn SWE"]
[Date "2023.01.20"]
[Round "6.4"]
[White "Malesevic, Nedeljko"]
[Black "Kristensen, Kaare Hove"]
[Result "0-1"]
[WhiteElo "2226"]
[BlackElo "2218"]
[ECO "D21"]
[TimeControl "90 minutes for 40 moves + 30 minutes for the rest of the game + 30 seconds per move from move one."]
[WhiteTitle "FM"]
[BlackTitle "IM"]
[WhiteFideId "1703447"]
[BlackFideId "1400940"]
[WhiteTeam "Eksjo SK"]
[BlackTeam "Helsingborgs ASK"]

1. d4 d5 2. Nf3 c5 3. c4 dxc4 4. e3 cxd4 5. Qxd4 Qxd4 6. Nxd4 a6 7. Bxc4 
e5 8. Nf3 Nc6 9. Nc3 Bb4 10. Ng5 Nh6 11. O-O Bxc3 12. bxc3 Na5 13. Bd5 Bd7
14. c4 Bc6 15. e4 Bxd5 16. cxd5 Nc4 17. Nf3 Ng4 18. Nd2 Nd6 19. Bb2 Kd7 
20. f3 Ne3 21. Rfc1 Rhc8 22. Rxc8 Rxc8 23. Bxe5 Rc2 24. Bf4 Rxd2 25. Bxe3 
Re2 26. Bd4 f5 27. Kf1 Rc2 28. Re1 fxe4 29. fxe4 Rc4 30. Bxg7 Rxe4 31. 
Rxe4 Nxe4 32. Be5 Nd2+ 33. Ke2 Nc4 34. Bf4 Nb6 35. d6 Nd5 36. Be5 Ke6 37. 
Kf3 Nb4 38. Bc3 Nxa2 39. Bd2 b5 40. Ke4 b4 41. Kd3 Kxd6 42. Kc4 a5 43. Kb3
Nc3 44. g4 Ne4 45. Bf4+ Kd5 46. g5 Nc5+ 47. Ka2 a4 48. h4 b3+ 49. Ka3 b2 
50. Ka2 a3 51. h5 Ne4 0-1

[Event "Elitserien 2022/2023"]
[Site "Limhamn SWE"]
[Date "2023.01.20"]
[Round "6.5"]
[White "Rothman, Peter"]
[Black "Rothen, Hakan"]
[Result "1/2-1/2"]
[WhiteElo "2123"]
[BlackElo "2226"]
[ECO "A29"]
[TimeControl "90 minutes for 40 moves + 30 minutes for the rest of the game + 30 seconds per move from move one."]
[BlackTitle "FM"]
[WhiteFideId "1709402"]
[BlackFideId "1700723"]
[WhiteTeam "Helsingborgs ASK"]
[BlackTeam "Eksjo SK"]

1. c4 e5 2. Nc3 Nf6 3. g3 d5 4. cxd5 Nxd5 5. Bg2 Nb6 6. d3 Be7 7. Nf3 Nc6 
8. O-O O-O 9. a3 Be6 10. b4 a5 11. b5 Nd4 12. Nxd4 exd4 13. Na4 Bd5 14. 
Nxb6 cxb6 15. e4 dxe3 16. Bxe3 Bxg2 17. Kxg2 Qd5+ 18. Qf3 Qxb5 19. Qxb7 
Bf6 20. d4 Rab8 21. Qf3 Rfd8 22. Bf4 Rbc8 23. Rab1 Qc6 24. d5 Rxd5 25. 
Rxb6 Qxb6 26. Qxd5 a4 27. Rc1 Rd8 28. Qe4 Qb3 29. Rc4 Qxa3 30. Rxa4 
1/2-1/2

[Event "Elitserien 2022/2023"]
[Site "Limhamn SWE"]
[Date "2023.01.20"]
[Round "6.6"]
[White "Johnson, Bjorn"]
[Black "Rosell, Tomas"]
[Result "1-0"]
[WhiteElo "2206"]
[BlackElo "2173"]
[ECO "B21"]
[TimeControl "90 minutes for 40 moves + 30 minutes for the rest of the game + 30 seconds per move from move one."]
[WhiteFideId "1708503"]
[BlackFideId "1707132"]
[WhiteTeam "Eksjo SK"]
[BlackTeam "Helsingborgs ASK"]

1. f4 c5 2. Nf3 Nc6 3. e4 g6 4. Nc3 Bg7 5. Be2 d6 6. O-O e6 7. d3 Nge7 8. 
Qe1 Rb8 9. Kh1 b5 10. Qf2 b4 11. Nd1 Nd4 12. Ne3 a5 13. Nxd4 Bxd4 14. Qe1 
Bg7 15. c3 bxc3 16. bxc3 O-O 17. Bd2 Qc7 18. Rb1 Bd7 19. Qh4 f6 20. Rfc1 
d5 21. Bf3 Bc6 22. Qh3 Qd6 23. exd5 exd5 24. f5 Qd7 25. d4 c4 26. Bg4 g5 
27. Qg3 Rxb1 28. Rxb1 h5 29. Bxh5 Nxf5 30. Qf3 Nd6 31. Bg6 Ne4 32. Qh5 Rd8
33. Qh7+ Kf8 34. Bc1 Qe7 35. Ba3 1-0

[Event "Elitserien 2022/2023"]
[Site "Limhamn SWE"]
[Date "2023.01.20"]
[Round "6.7"]
[White "Hakansson, Stefan"]
[Black "Gustafsson, Fredrik"]
[Result "1/2-1/2"]
[WhiteElo "2046"]
[BlackElo "2093"]
[ECO "A45"]
[TimeControl "90 minutes for 40 moves + 30 minutes for the rest of the game + 30 seconds per move from move one."]
[WhiteFideId "1708198"]
[BlackFideId "1712357"]
[WhiteTeam "Helsingborgs ASK"]
[BlackTeam "Eksjo SK"]

1. d4 Nf6 2. Bf4 g6 3. Nc3 d5 4. Qd2 Bg7 5. Bh6 Bxh6 6. Qxh6 Bf5 7. Qd2 c6
8. e3 Qa5 9. Nge2 b5 10. Ng3 b4 11. Nd1 Nbd7 12. f3 Qb6 13. Nxf5 gxf5 14. 
Bd3 e6 15. c3 Rb8 16. Rc1 c5 17. O-O bxc3 18. bxc3 Rg8 19. Rb1 Qd6 20. 
Rxb8+ Qxb8 21. Nf2 Qd6 22. Rb1 Ke7 23. Rb7 Rb8 24. Qb2 1/2-1/2

[Event "Elitserien 2022/2023"]
[Site "Limhamn SWE"]
[Date "2023.01.20"]
[Round "6.8"]
[White "Rajcevski, Dejan"]
[Black "Olsson, Fredric"]
[Result "1-0"]
[WhiteElo "2067"]
[BlackElo "2050"]
[ECO "D05"]
[TimeControl "90 minutes for 40 moves + 30 minutes for the rest of the game + 30 seconds per move from move one."]
[WhiteFideId "1759027"]
[BlackFideId "1712802"]
[WhiteTeam "Eksjo SK"]
[BlackTeam "Helsingborgs ASK"]

1. d4 Nf6 2. Nf3 e6 3. e3 d5 4. Bd3 Be7 5. b3 O-O 6. Bb2 c5 7. O-O Qb6 8. 
dxc5 Bxc5 9. Bxf6 gxf6 10. Nh4 Qb4 11. Qh5 f5 12. h3 Be7 13. Nf3 Nd7 14. 
a3 Qc5 15. Nbd2 Qc3 16. Rad1 Qg7 17. Nd4 Kh8 18. Kh1 Rg8 19. Rg1 Nf6 20. 
Qf3 Bd6 21. c4 Ng4 22. cxd5 Bh2 23. dxe6 Ne5 24. Qxf5 Bxg1 25. Rxg1 Bxe6 
26. Nxe6 fxe6 27. Qe4 Nxd3 28. Qxd3 Rgd8 29. Qe2 Qb2 30. Rd1 Rac8 31. Qf3 
Rc1 32. Rxc1 Qxc1+ 33. Kh2 Qc7+ 34. g3 Rxd2 35. Qf8# 1-0

[Event "Elitserien 2022/2023"]
[Site "Limhamn SWE"]
[Date "2023.01.20"]
[Round "6.9"]
[White "Hector, Jonny"]
[Black "Thybo, Jesper Sondergaard"]
[Result "0-1"]
[WhiteElo "2446"]
[BlackElo "2508"]
[ECO "B31"]
[TimeControl "90 minutes for 40 moves + 30 minutes for the rest of the game + 30 seconds per move from move one."]
[WhiteTitle "GM"]
[BlackTitle "GM"]
[WhiteFideId "1700090"]
[BlackFideId "1438832"]
[WhiteTeam "Limhamns SK"]
[BlackTeam "Lunds ASK"]

1. e4 c5 2. Nf3 Nc6 3. Bb5 g6 4. O-O Bg7 5. c3 Nf6 6. Re1 O-O 7. h3 e5 8. 
d4 cxd4 9. cxd4 Nxd4 10. Nxd4 Qb6 11. a4 Qxd4 12. Nc3 a6 13. Bd3 b6 14. 
Be3 Qb4 15. Ra3 Rb8 16. Rb3 Qa5 17. Bc4 d5 18. exd5 Bd7 19. Qe2 b5 20. 
axb5 axb5 21. Nxb5 Nxd5 22. Bd2 Qa8 23. Ra3 Qc6 24. Rc1 e4 25. Rb3 Rfe8 
26. Qd1 Be6 27. Bf1 Qd7 28. Qe2 e3 29. Bxe3 Nf4 30. Qc2 Rec8 31. Rc3 Bxc3 
32. Nxc3 Bf5 33. Rd1 Bxc2 34. Rxd7 Ne6 35. Bh6 Rd8 36. Ra7 Ra8 37. Rb7 Ra1
38. Ne2 Rxf1+ 0-1

[Event "Elitserien 2022/2023"]
[Site "Limhamn SWE"]
[Date "2023.01.20"]
[Round "6.10"]
[White "Hansen, Sune Berg"]
[Black "Johansson, Linus"]
[Result "1/2-1/2"]
[WhiteElo "2526"]
[BlackElo "2455"]
[ECO "B31"]
[TimeControl "90 minutes for 40 moves + 30 minutes for the rest of the game + 30 seconds per move from move one."]
[WhiteTitle "GM"]
[BlackTitle "IM"]
[WhiteFideId "1400266"]
[BlackFideId "1711113"]
[WhiteTeam "Lunds ASK"]
[BlackTeam "Limhamns SK"]

1. e4 c5 2. Nf3 Nc6 3. Bb5 g6 4. O-O Bg7 5. Re1 Nf6 6. c3 O-O 7. e5 Nd5 8.
 d4 cxd4 9. cxd4 d6 10. Nc3 Nxc3 11. bxc3 Qc7 12. exd6 exd6 13. Bf4 Bd7 
14. Rc1 Rfe8 15. Be2 Rad8 16. Nd2 Na5 17. h4 h6 18. Bd3 Rxe1+ 19. Qxe1 Re8
20. Qd1 Qc6 21. Be3 d5 22. Qf3 b5 23. Qg3 Nc4 24. Bf4 Nxd2 25. Bxd2 h5 26.
 Rb1 a6 27. Qg5 Bf6 28. Qf4 Bd8 29. Re1 Rxe1+ 30. Bxe1 Bc7 31. Qg5 Qd6 32.
 g3 Bg4 33. Bd2 Bd8 34. Qe3 Qe7 35. Kf1 Qxe3 36. Bxe3 Ba5 37. Bd2 Bf3 38. 
Bc2 Be4 39. Bd1 Bd3+ 40. Kg2 Bc4 41. a3 Kg7 42. Bc2 Kf6 43. f3 1/2-1/2

[Event "Elitserien 2022/2023"]
[Site "Limhamn SWE"]
[Date "2023.01.20"]
[Round "6.11"]
[White "Haubro, Martin"]
[Black "Kucuksari, Kaan"]
[Result "1/2-1/2"]
[WhiteElo "2395"]
[BlackElo "2487"]
[ECO "B69"]
[TimeControl "90 minutes for 40 moves + 30 minutes for the rest of the game + 30 seconds per move from move one."]
[WhiteTitle "IM"]
[BlackTitle "IM"]
[WhiteFideId "1414291"]
[BlackFideId "6380166"]
[WhiteTeam "Limhamns SK"]
[BlackTeam "Lunds ASK"]

1. e4 c5 2. Nf3 d6 3. d4 cxd4 4. Nxd4 Nf6 5. Nc3 Nc6 6. Bg5 e6 7. Qd2 a6 
8. O-O-O Bd7 9. f4 Be7 10. Nf3 b5 11. Bxf6 gxf6 12. Bd3 Qb6 13. Kb1 O-O-O 
14. Rhe1 Rhe8 15. g4 Kb8 16. h4 Bc8 17. g5 b4 18. Ne2 d5 19. Ng3 dxe4 20. 
Nxe4 f5 21. Nf6 Rh8 22. Qe2 h6 23. Bc4 Ka7 24. Bb3 a5 25. Ba4 Ba6 26. Qh2 
Bxf6 27. gxf6 Bb5 28. Bxb5 Qxb5 29. b3 a4 30. bxa4 Qxa4 31. Qg1+ Ka6 32. 
Qc5 Qb5 33. Qxb5+ Kxb5 34. Kb2 Rhg8 35. Rxd8 Rxd8 36. Rg1 Kc4 37. h5 Rd7 
38. Rg2 Ra7 39. Rg6 fxg6 40. hxg6 Ne7 41. Ne5+ Kd5 42. g7 Ng8 43. f7 Rxf7 
44. Nxf7 h5 45. c3 h4 46. Ng5 bxc3+ 47. Kxc3 e5 48. fxe5 Kxe5 49. a4 Kd5 
50. Kd3 Kc5 51. Ke3 Kb4 52. Kf4 Kxa4 53. Kxf5 Kb5 54. Kg4 Ne7 55. Nh3 Kc6 
56. Kg5 Kd7 57. Kf6 Ke8 58. Nf4 Kd7 59. Nh3 Ng8+ 60. Kf7 Ne7 61. Kf8 Ng6+ 
62. Kg8 Ne7+ 63. Kh7 Ke6 64. Nf4+ Kd7 65. Kh6 Nf5+ 66. Kg6 Nxg7 67. Kxg7 
h3 68. Nxh3 1/2-1/2

[Event "Elitserien 2022/2023"]
[Site "Limhamn SWE"]
[Date "2023.01.20"]
[Round "6.12"]
[White "Storme, Isak"]
[Black "Lindgren, Philip"]
[Result "0-1"]
[WhiteElo "2438"]
[BlackElo "2382"]
[ECO "D63"]
[TimeControl "90 minutes for 40 moves + 30 minutes for the rest of the game + 30 seconds per move from move one."]
[WhiteTitle "IM"]
[BlackTitle "IM"]
[WhiteFideId "1728113"]
[BlackFideId "1713230"]
[WhiteTeam "Lunds ASK"]
[BlackTeam "Limhamns SK"]

1. d4 Nf6 2. c4 e6 3. Nf3 d5 4. Nc3 Nbd7 5. Bg5 h6 6. Bh4 Be7 7. e3 O-O 8.
 Rc1 c5 9. cxd5 Nxd5 10. Bxe7 Nxe7 11. Bd3 cxd4 12. exd4 Nf6 13. O-O Bd7 
14. Bb1 Bc6 15. Qd3 Qb6 16. Ne5 Rfd8 17. Rfd1 Rac8 18. Qe3 Qxb2 19. Re1 
Ned5 20. Qg3 Nxc3 21. Rxc3 Bd5 22. Rce3 Rc1 23. Nd3 Rxe1+ 24. Rxe1 Qxd4 
25. Qc7 Be4 26. Rd1 Qd7 27. Qc1 Qc6 28. Qe3 Bxg2 29. Rc1 Qf3 30. Qe5 Qg4 
31. Qc7 Be4+ 0-1

[Event "Elitserien 2022/2023"]
[Site "Limhamn SWE"]
[Date "2023.01.20"]
[Round "6.13"]
[White "Domingo Nunez, Ruben"]
[Black "Pantzar, Milton"]
[Result "1-0"]
[WhiteElo "2380"]
[BlackElo "2471"]
[ECO "B10"]
[TimeControl "90 minutes for 40 moves + 30 minutes for the rest of the game + 30 seconds per move from move one."]
[WhiteTitle "FM"]
[BlackTitle "IM"]
[WhiteFideId "22245570"]
[BlackFideId "1721003"]
[WhiteTeam "Limhamns SK"]
[BlackTeam "Lunds ASK"]

1. e4 c6 2. Nf3 d5 3. Nc3 dxe4 4. Nxe4 Nf6 5. Nxf6+ exf6 6. h3 Bd6 7. d4 
O-O 8. Be2 Re8 9. O-O Nd7 10. Re1 Nf8 11. c4 Bf5 12. Be3 Bc7 13. Qb3 Rb8 
14. d5 cxd5 15. Rad1 Be4 16. Bxa7 Ra8 17. Be3 Ba5 18. Rf1 dxc4 19. Bxc4 
Qe7 20. Bd5 h6 21. Rd4 Bxd5 22. Rxd5 Bc7 23. Rb5 Reb8 24. Rd1 Ng6 25. Bc5 
Qe8 26. Rxb7 Qc6 27. Rxb8+ Rxb8 28. Qc3 Nf4 29. Re1 Be5 30. Bd4 Qb5 31. 
Nxe5 Ne2+ 32. Rxe2 Qxe2 33. Qc7 Rf8 34. Bc5 fxe5 35. Bxf8 Qe1+ 36. Kh2 
Qxf2 37. Qc5 Qxb2 38. a3 f6 39. Bd6 Qb3 40. Qb4 Qa2 41. a4 Kf7 42. a5 Ke6 
43. Bf8 g5 44. Qe7+ Kf5 45. Bg7 Qxa5 46. Qxf6+ Ke4 47. Bxh6 1-0

[Event "Elitserien 2022/2023"]
[Site "Limhamn SWE"]
[Date "2023.01.20"]
[Round "6.14"]
[White "Smith, Axel"]
[Black "Brynell, Stellan"]
[Result "1/2-1/2"]
[WhiteElo "2398"]
[BlackElo "2393"]
[ECO "A28"]
[TimeControl "90 minutes for 40 moves + 30 minutes for the rest of the game + 30 seconds per move from move one."]
[WhiteTitle "GM"]
[BlackTitle "GM"]
[WhiteFideId "1707930"]
[BlackFideId "1700219"]
[WhiteTeam "Lunds ASK"]
[BlackTeam "Limhamns SK"]

1. c4 e5 2. Nc3 Nf6 3. Nf3 Nc6 4. e4 Bb4 5. d3 d6 6. a3 Bc5 7. b4 Bb6 8. 
Na4 Bg4 9. Nxb6 axb6 10. Bb2 Nd7 11. h3 Bxf3 12. Qxf3 Nf8 13. g3 Ne6 14. 
Bg2 Qe7 15. O-O h5 16. Qe3 h4 17. g4 Ncd4 18. Ra2 g5 19. Bc3 Qf6 20. Rfa1 
Ra4 21. Bxd4 Nxd4 22. Bf1 O-O 23. Be2 Nxe2+ 24. Qxe2 Rfa8 25. Kg2 Kg7 26. 
Qe3 Qf4 27. Kf1 c5 28. b5 Kf6 29. Ke2 Ke6 30. Kd2 Ke7 1/2-1/2

[Event "Elitserien 2022/2023"]
[Site "Limhamn SWE"]
[Date "2023.01.20"]
[Round "6.15"]
[White "Jepson, Christian"]
[Black "Jogstad, Martin"]
[Result "1/2-1/2"]
[WhiteElo "2388"]
[BlackElo "2399"]
[ECO "A13"]
[TimeControl "90 minutes for 40 moves + 30 minutes for the rest of the game + 30 seconds per move from move one."]
[WhiteTitle "IM"]
[BlackTitle "FM"]
[WhiteFideId "1701185"]
[BlackFideId "1715364"]
[WhiteTeam "Limhamns SK"]
[BlackTeam "Lunds ASK"]

1. c4 e6 2. Nf3 d5 3. g3 Nf6 4. Bg2 dxc4 5. Qa4+ Nbd7 6. Qxc4 a6 7. Qc2 c5
8. d3 b6 9. b3 Bb7 10. Bb2 Be7 11. O-O O-O 12. Nbd2 Rc8 13. Rad1 Qc7 14. 
e4 b5 15. Rfe1 Rfd8 16. a3 h6 17. Qb1 Qb6 18. e5 Nd5 19. h4 Nb8 20. Ne4 
Nc6 21. Rc1 a5 22. Qa1 Nc7 23. Red1 Ne8 24. Qb1 Ba6 25. Bf1 Rd5 26. Qc2 
Nd4 27. Nxd4 cxd4 28. Qxc8 Bxc8 29. Rxc8 Rd8 30. Rdc1 Qb7 31. Rxd8 Bxd8 
32. Bg2 Qd7 33. Nc5 Qe7 34. Nb7 Bc7 35. Rc5 f6 36. Bxd4 fxe5 37. Bxe5 Bxe5
38. Rxe5 Qxa3 39. Rxb5 a4 40. bxa4 Qxa4 41. Ra5 Qd1+ 42. Bf1 Nf6 43. Nc5 
Qe1 44. Ra2 Qe5 45. Ne4 Nxe4 46. Re2 Qa1 47. Rxe4 e5 48. Kg2 Kf7 49. Be2 
Kf6 50. Rc4 Qa3 51. Rc6+ Ke7 52. Rc7+ Kf6 53. Rc6+ Ke7 54. Rc7+ Kf6 55. 
Rc4 Qb3 56. h5 Qa3 57. Rc6+ Ke7 58. Rc7+ Kf6 59. Rd7 g6 60. Rh7 Qc1 61. 
hxg6 Kxg6 62. Rh8 Qc2 63. Kf1 Qc1+ 64. Kg2 Qc2 65. Kf1 Qb1+ 66. Kg2 Qc2 
1/2-1/2

[Event "Elitserien 2022/2023"]
[Site "Limhamn SWE"]
[Date "2023.01.20"]
[Round "6.16"]
[White "Mauritsson, Sebastian"]
[Black "Ziegler, Ari"]
[Result "0-1"]
[WhiteElo "2391"]
[BlackElo "2297"]
[ECO "B06"]
[TimeControl "90 minutes for 40 moves + 30 minutes for the rest of the game + 30 seconds per move from move one."]
[WhiteTitle "FM"]
[BlackTitle "IM"]
[WhiteFideId "1707892"]
[BlackFideId "1700987"]
[WhiteTeam "Lunds ASK"]
[BlackTeam "Limhamns SK"]

1. e4 d6 2. d4 g6 3. Nc3 Bg7 4. Be3 c6 5. Qd2 b5 6. a4 b4 7. Nce2 a5 8. 
Ng3 h5 9. Bd3 Ba6 10. Nf3 c5 11. c3 cxd4 12. cxd4 h4 13. Ne2 h3 14. g3 Nf6
15. Ng5 Ng4 16. Bf4 e5 17. dxe5 dxe5 18. Bxa6 Nxa6 19. Be3 Bh6 20. Rd1 O-O
21. f4 Qxd2+ 22. Bxd2 Bxg5 23. fxg5 Nc5 24. Nc1 Nxe4 25. Nd3 Rfd8 26. Ke2 
Rd5 27. Be3 Rad8 28. Bb6 Rxd3 29. Rxd3 Rxd3 30. Kxd3 Nef2+ 31. Kc4 Nxh1 
32. Bxa5 Nxh2 33. Bb6 Nxg3 34. a5 Nf3 35. a6 h2 36. a7 Nd2+ 0-1

[Event "Elitserien 2022/2023"]
[Site "Limhamn SWE"]
[Date "2023.01.21"]
[Round "4.1"]
[White "Semcesen, Daniel"]
[Black "Haubro, Martin"]
[Result "1/2-1/2"]
[WhiteElo "2462"]
[BlackElo "2395"]
[ECO "E24"]
[TimeControl "90 minutes for 40 moves + 30 minutes for the rest of the game + 30 seconds per move from move one."]
[WhiteTitle "GM"]
[BlackTitle "IM"]
[WhiteFideId "1706993"]
[BlackFideId "1414291"]
[WhiteTeam "Helsingborgs ASK"]
[BlackTeam "Limhamns SK"]

1. d4 Nf6 2. c4 e6 3. Nc3 Bb4 4. a3 Bxc3+ 5. bxc3 b6 6. f3 d5 7. cxd5 exd5
8. e3 O-O 9. Bd3 c5 10. Ne2 Ba6 11. O-O Re8 12. Ng3 Bxd3 13. Qxd3 Nc6 14. 
Bb2 Rc8 15. Rae1 Na5 16. e4 Qc7 17. e5 Nd7 18. Re2 cxd4 19. cxd4 Qc4 20. 
Qe3 Qc6 21. f4 Nc4 22. Qf2 f6 23. Bc1 g6 24. f5 fxe5 25. f6 Kf7 26. Nf5 
Qxf6 27. dxe5 Qxf5 28. Qd4 Qxf1+ 29. Kxf1 Rxe5 30. Rxe5 Ndxe5 31. Qxd5+ 
Kf6 32. h3 h5 33. Kf2 Rc5 34. Qd8+ Kf5 35. Kg3 Rc6 36. Bf4 Rd6 37. Qc8+ 
Kf6 38. Qf8+ Ke6 39. a4 Rd7 40. Qe8+ Kd5 41. Qc8 Rf7 42. Qd8+ Ke6 1/2-1/2

[Event "Elitserien 2022/2023"]
[Site "Limhamn SWE"]
[Date "2023.01.21"]
[Round "4.2"]
[White "Johansson, Linus"]
[Black "Sylvan, Jacob"]
[Result "1/2-1/2"]
[WhiteElo "2455"]
[BlackElo "2314"]
[ECO "D24"]
[TimeControl "90 minutes for 40 moves + 30 minutes for the rest of the game + 30 seconds per move from move one."]
[WhiteTitle "IM"]
[BlackTitle "IM"]
[WhiteFideId "1711113"]
[BlackFideId "1402137"]
[WhiteTeam "Limhamns SK"]
[BlackTeam "Helsingborgs ASK"]

1. d4 Nf6 2. c4 e6 3. Nf3 d5 4. Nc3 dxc4 5. e4 b5 6. e5 Nd5 7. Nxb5 Nb6 8.
 Nc3 Be7 9. Be2 Nc6 10. O-O Bb7 11. Be3 O-O 12. Qc1 Nb4 13. Rd1 a5 14. Nd2
Nd3 15. Qb1 Ba6 16. b3 cxb3 17. a3 b2 18. Ra2 Nc1 19. Bxa6 Nxa2 20. Qxa2 
Rxa6 21. Qxb2 Nd5 22. Nce4 Qb8 23. Qc2 Rb6 24. Qd3 Rb2 25. Nc4 Rb3 26. Qc2
h6 27. Bc1 a4 28. Ncd2 Rb7 29. g4 Qe8 30. Re1 Rb6 31. Qd3 f5 32. exf6 Bxf6
33. Nc5 Bh4 34. Nde4 Qf7 35. Rf1 Qf3 36. Qxf3 Rxf3 37. Nxa4 Rc6 38. Nac5 
Be7 39. Kg2 Rf8 40. a4 Bf6 41. Be3 Rb8 42. Kg3 e5 43. Rd1 exd4 44. Bxd4 
Bxd4 45. Rxd4 Nc3 46. Nxc3 Rxc5 47. Ne4 Rc2 48. h4 c5 49. Rd7 c4 50. Rc7 
Rc1 51. f3 Ra8 52. Nc5 c3 53. Nb3 Rc2 54. Nd4 Rd2 55. Nb3 Rd3 56. Nc1 Rd1 
57. Rxc3 Rxa4 58. h5 Ra8 59. Nd3 Re8 60. Nf4 Rg1+ 1/2-1/2

[Event "Elitserien 2022/2023"]
[Site "Limhamn SWE"]
[Date "2023.01.21"]
[Round "4.3"]
[White "Kristensen, Kaare Hove"]
[Black "Hector, Jonny"]
[Result "0-1"]
[WhiteElo "2218"]
[BlackElo "2446"]
[ECO "D10"]
[TimeControl "90 minutes for 40 moves + 30 minutes for the rest of the game + 30 seconds per move from move one."]
[WhiteTitle "IM"]
[BlackTitle "GM"]
[WhiteFideId "1400940"]
[BlackFideId "1700090"]
[WhiteTeam "Helsingborgs ASK"]
[BlackTeam "Limhamns SK"]

1. d4 d5 2. c4 c6 3. cxd5 cxd5 4. Nc3 Nc6 5. Bf4 e5 6. Bxe5 Nxe5 7. dxe5 
d4 8. Ne4 Qa5+ 9. Nd2 Nh6 10. Nf3 Nf5 11. a3 Be6 12. b4 Qd5 13. Qa4+ Bd7 
14. Qb3 Bc6 15. Qxd5 Bxd5 16. e4 dxe3 17. Bb5+ Ke7 18. fxe3 Nxe3 19. Kf2 
a6 20. Bd3 Ng4+ 21. Kg3 h5 22. Be4 Rd8 23. Rac1 Be6 24. Rc7+ Ke8 25. Rxb7 
Be7 26. h4 Nxe5 27. Nxe5 Rxd2 28. Rb8+ Rd8 29. Bc6+ Kf8 30. Nd7+ Kg8 31. 
Rxd8+ Bxd8 32. Nc5 Bc7+ 33. Kf3 Bg4+ 34. Ke4 Rh6 35. Bd7 Bxd7 36. Nxd7 
Re6+ 37. Kf3 Rd6 38. Nc5 a5 39. b5 Rd5 40. Na6 Bb6 41. a4 Rd4 42. Nb8 Rxa4
43. Nd7 Bd8 44. Re1 Bxh4 45. Re8+ Kh7 46. b6 Rb4 47. Re5 Rb3+ 48. Ke4 Bf2 
49. Rxh5+ Kg8 50. Rxa5 Bxb6 51. Ra8+ Kh7 52. Rb8 Re3+ 53. Kf4 Ba7 54. Rb7 
Ra3 55. Ne5 f6 56. Nf3 Kh6 57. g4 Bf2 58. Rb4 g5+ 59. Nxg5 fxg5+ 60. Ke4 
Re3+ 61. Kf5 Rf3+ 62. Ke5 Bg3+ 63. Kd5 Kg6 64. Ra4 Rf6 65. Ra8 Bf4 66. Ke4
Re6+ 67. Kd5 Re1 68. Ra6+ Kf7 69. Ra7+ Ke8 70. Ra6 Re5+ 71. Kd4 Kd7 72. 
Rh6 Re6 73. Rh7+ Kd6 74. Rf7 Re1 75. Rf6+ Ke7 76. Ra6 Rg1 77. Ra7+ Kd6 78.
 Ra6+ Ke5 0-1